 Dungeon Crawl Stone Soup version 0.29-a0-721-g7f417c9bbb (webtiles) character file.

Game seed: 502145148065187176

6 xian the Trooper (level 1, 0/17 HPs)
             Began as a Demonspawn Wanderer on June 28, 2022.
             Slain by an endoplasm (2 damage)
             ... on level 2 of the Dungeon.
             The game lasted 00:01:19 (80 turns).

xian the Trooper (Demonspawn Wanderer)                Turns: 80, Time: 00:01:20

Health: 0/17       AC:  3    Str: 10    XL:     1   Next: 75%
Magic:  2/2        EV: 12    Int: 17    God:
Gold:   0          SH:  0    Dex: 10    Spells: 1/2 levels left

rFire   . . .      SeeInvis .   a - +0 club
rCold   . . .      Faith    .   (no shield)
rNeg    . . .      Spirit   .   c - +0 robe
rPois   .          Reflect  .   d - +0 helmet
rElec   .          Harm     .   (no cloak)
rCorr   .          Rampage  .   (no gloves)
Will    .....                   (no boots)
Stlth   ..........              (no amulet)
HPRegen 0.05/turn               (no ring)
MPRegen 0.08/turn               (no ring)

@: silenced
A: no striking features
a: no special abilities


You were on level 2 of the Dungeon.
You visited 1 branch of the dungeon, and saw 2 of its levels.

Inventory:

Hand Weapons
 a - a +0 club (weapon)
Armour
 c - a +0 robe (worn)
 d - a +0 helmet (worn)
Scrolls
 b - a scroll of blinking
 g - a scroll of magic mapping {unknown}


   Skills:
 + Level 2.3 Fighting
 + Level 1.0 Armour
 + Level 1.8 Dodging
 + Level 1.0 Stealth
 + Level 1.1 Spellcasting
 + Level 1.0 Translocations
 + Level 1.8 Ice Magic


You had one spell level left.
You knew the following spells:

 Your Spells              Type           Power      Damage    Failure   Level
a - Freeze                Ice            28%        1d5       10%         1

Your spell library contained the following spells:

 Spells                   Type           Power      Damage    Failure   Level
 Apportation              Tloc           8%         N/A       14%         1
 Frozen Ramparts          Ice            14%        1d3       30%         3
 Portal Projectile        Hex/Tloc       4%         N/A       45%         3
 Ice Form                 Ice/Tmut       4%         N/A       82%         4


Dungeon Overview and Level Annotations

Branches:
Dungeon (1/15)

Altars:


Message History

You see here a hobgoblin corpse.
g - a scroll labelled JYORUVVIPN
There are no items here.
A frilled lizard and an endoplasm come into view.
You closely miss the frilled lizard. The frilled lizard bites you.
You closely miss the frilled lizard.
The frilled lizard bites you but does no damage.
The endoplasm quivers.
You hit the frilled lizard.
You kill the frilled lizard!
The endoplasm hits you.
You hit the endoplasm.
The endoplasm is moderately wounded.
The endoplasm hits you but does no damage.
You hit the endoplasm.
The endoplasm is almost dead.
The endoplasm freezes you.
You are frozen.
* * * LOW HITPOINT WARNING * * *
You hit the endoplasm.
You kill the endoplasm!
As you read the scroll labelled AMEEDW PEBRENWAWIG, it crumbles to dust.
You feel strangely unstable.
It was a scroll of teleportation.
As you read the scroll labelled IGAGIOKOIBB, it crumbles to dust.
A profound silence engulfs you.
It was a scroll of silence.
Magic scrolls do not work when you're silenced!
Unknown command.
Your surroundings suddenly seem different.
A frilled lizard, an endoplasm and a hobgoblin come into view.
The endoplasm quivers.
The endoplasm hits you.
* * * LOW HITPOINT WARNING * * *
The endoplasm attacks as you move away! The endoplasm misses you.
An endoplasm comes into view.
Magic scrolls do not work when you're silenced!
You aren't carrying any potions.
You hit the endoplasm.
The endoplasm is moderately wounded.
The endoplasm hits you.
You die...

###########
.......@J.#
#########l.J..#
...##.# ..##.#
#.. .# #.. .#
#.. # #.#


You could see 2 endoplasms and a frilled lizard.

Vanquished Creatures
  2 endoplasms
  A hobgoblin (D:2)
  A bat (D:1)
  2 frilled lizards
6 creatures vanquished.

Notes
Turn   | Place    | Note
-------+----------+-------------------------------------------
     0 | D:1      | xian the Demonspawn Wanderer began the quest for the Orb.
     0 | D:1      | xian set off with the following items: a +0 club, a scroll
                  | of blinking, a +0 robe, a +0 helmet; and the following
                  | spells available to memorise: Freeze, Apportation, Frozen
                  | Ramparts, Portal Projectile, Ice Form.
     0 | D:1      | Reached XP level 1. HP: 16/16 MP: 2/2
     2 | D:1      | Learned a level 1 spell: Freeze
    51 | D:1      | You fall into a shaft and drop 1 floor!
    80 | D:2      | Slain by an endoplasm

Illustrated notes

Levels and vault maps discovered:
D:1:      lemuel_arrival_broad_hall, layout_rooms
D:2:      layout_loops_ring, basic_altar, hellmonk_ecumenical_altar_heavens_door

Action                   || total
-------------------------++-------
Melee: Club              ||    12
 Cast: Freeze            ||     4
  Use: Scroll            ||     2
Armor: Robe              ||     5
Dodge: Dodged            ||     8

Table legend: (Time is in decaauts)
 A = Elapsed time spent in this place.
 B = Non-inter-level travel time spent in this place.
 C = Inter-level travel time spent in this place.
 D = Time resting spent in this place.
 E = Time spent auto-exploring this place.
 F = Levels seen in this place.
 G = Mean time per level.
                   A        B        C        D        E       F      G
               +--------+--------+--------+--------+--------+-----+--------+
         Total |     83 |     83 |      0 |      0 |     15 |   2 |   41.5 |
       Dungeon |     83 |     83 |      0 |      0 |     15 |   2 |   41.5 |
               +--------+--------+--------+--------+--------+-----+--------+

Top non-repeatable levels by time:
     D:1: 52 daAuts
     D:2: 30 daAuts
